 Dungeon Crawl Stone Soup version 0.29-a0-289-g2178c42546 (webtiles) character file.

Game seed: 9508005335993327494

6960 Essalna the Covert (level 10, -1/53 HPs)
             Began as a Spriggan Enchanter on Mar 17, 2022.
             Was a Follower of Sif Muna.
             Slain by a five-headed hydra (12 damage)
             ... on level 1 of the Lair of Beasts.
             The game lasted 00:31:33 (11842 turns).

Essalna the Covert (Spriggan Enchanter)            Turns: 11842, Time: 00:31:33

Health: -1/53      AC:  5    Str:  4    XL:     10   Next: 81%
Magic:  5/15       EV: 23    Int: 19    God:    Sif Muna [*.....]
Gold:   441        SH: 12    Dex: 18    Spells: 6/14 levels left

rFire   + . .      SeeInvis +   G - +1 dagger (speed)
rCold   . . .      Faith    .   O - +0 buckler
rNeg    . . .      Spirit   .   g - +2 robe {rF+}
rPois   .          Reflect  +   t - +1 hat
rElec   .          Harm     .   (no cloak)
rCorr   .          Rampage  .   (gloves unavailable)
Will    +....                   (boots unavailable)
Stlth   +++++.....              M - amulet of reflection
HPRegen 0.17/turn               y - ring of wizardry
MPRegen 0.14/turn               (no ring)

@: confusing by touch, very slightly contaminated, very quick
A: very small, no large weapons, unfitting armour, see invisible, speed 3
a: Renounce Religion, Channel Magic


You were on level 1 of the Lair of Beasts.
You worshipped Sif Muna.
Sif Muna was aware of your devotion.
You visited 3 branches of the dungeon, and saw 11 of its levels.

You collected 441 gold pieces.

Inventory:

Hand Weapons
 a - a +1 dagger
 f - the +5 short sword "Acacaef" {antimagic, Int+6}
   (You found it on level 4 of the Dungeon)

   It reduces the magical energy of the wielder, and disrupts the spells and
   magical abilities of those it strikes.
   Natural abilities and divine invocations are not affected.
   Int:       It affects your intelligence (+6).
 i - a +3 dagger
 r - the +9 flail "Cubbaor" {vorpal, rElec Will++ Str+3}
   (You found it on level 3 of the Dungeon)

   It inflicts extra damage upon your enemies.
   Str:       It affects your strength (+3).
   rElec:     It insulates you from electricity.
   Will:      It greatly increases your willpower.
 s - a +3 dagger of draining
 G - a +1 dagger of speed (weapon)
Armour
 b - a +1 robe
 g - a +2 robe of fire resistance (worn)
 t - a +1 hat (worn)
 O - a +0 buckler (worn)
 P - +0 steam dragon scales
 Q - +0 fire dragon scales
Magical Staves
 C - a staff of earth
Jewellery
 y - a ring of wizardry (left hand)
 B - an amulet of guardian spirit
 M - an amulet of reflection (around neck)
 N - a ring of ice
Wands
 o - a wand of paralysis (24)
 x - a wand of mindburst (15)
 D - a wand of charming (12)
 I - a wand of acid (2)
 J - a wand of iceblast (17)
Scrolls
 h - 4 scrolls of immolation
 k - a scroll of torment
 n - a scroll of blinking {unknown}
 p - a scroll of holy word
 q - a scroll of enchant weapon
 u - a scroll of enchant armour
 v - a scroll of amnesia {unknown}
 w - 5 scrolls of identify
 K - 2 scrolls of silence {unknown}
 L - a scroll of magic mapping {unknown}
 R - a scroll of teleportation
 U - a scroll of brand weapon {unknown}
Potions
 c - 3 potions of invisibility
 d - 2 potions of mutation {unknown}
 e - a potion of magic
 j - 5 potions of might {unknown}
 l - 6 potions of curing {unknown}
 m - 4 potions of degeneration {unknown}
 z - 2 potions of flight {unknown}
 A - a potion of berserk rage {unknown}
 E - 2 potions of resistance {unknown}
 F - a potion of heal wounds {unknown}
 H - a potion of haste {unknown}
 S - 2 potions of cancellation {unknown}
 T - a potion of ambrosia {unknown}


   Skills:
 + Level 6.0 Fighting
 + Level 7.4 Short Blades
 + Level 9.9 Dodging
 + Level 12.2 Stealth
 + Level 3.0 Shields
 - Level 2.6 Spellcasting
 + Level 9.4 Hexes


You had 6 spell levels left.
You knew the following spells:

 Your Spells              Type           Power      Damage    Failure   Level
a - Confusing Touch       Hex            38%        N/A       1%          3
b - Tukima's Dance        Hex            38%        N/A       1%          3
c - Ensorcelled Hibernat  Hex/Ice        40%        N/A       2%          2

Your spell library contained the following spells:

 Spells                   Type           Power      Damage    Failure   Level
 Cause Fear               Hex            19%        N/A       2%          4
 Dazzling Flash           Conj/Hex       40%        N/A       6%          3
 Inner Flame              Hex/Fire       20%        N/A       6%          3
 Portal Projectile        Hex/Tloc       40%        N/A       6%          3
 Sting                    Tmut/Pois      8%         1d3       13%         1
 Poisonous Vapours        Pois/Air       4%         N/A       19%         2
 Sublimation of Blood     Necr           2%         N/A       19%         2
 Wereblood                Tmut           2%         N/A       19%         2
 Metabolic Englaciation   Hex/Ice        10%        N/A       45%         5
 Olgreb's Toxic Radiance  Pois           2%         N/A       75%         4
 Petrify                  Tmut/Erth      2%         N/A       75%         4
 Blade Hands              Tmut           1%         N/A       96%         5
 Excruciating Wounds      Necr           1%         N/A       96%         5
 Statue Form              Tmut/Erth      1%         N/A       100%        6
 Summon Hydra             Summ           1%         N/A       100%        7
 Discord                  Hex            19%        N/A       100%        8


Dungeon Overview and Level Annotations

Branches:
Dungeon (9/15)             Temple (1/1) D:7            Lair (1/6) D:8
    Orc: D:9-12

Altars:
Ashenzari
Cheibriados
Dithmenos
Fedhas
Gozag
Hepliaklqana
Kikubaaqudgha
Makhleb
Okawaru
Qazlal
Ru
Sif Muna
Trog
Uskayaw
Vehumet
Wu Jian
Xom
Yredelemnul
Zin
The Shining One

Shops:
D:2 :   D:3 :


Innate Abilities, Weirdness & Mutations

You are very small and have problems with some larger weapons.
You are too small for most types of armour.
You have supernaturally acute eyesight. (SInv)
You cover ground extremely quickly. (Speed+++)


Message History

The wolf closely misses you. You block the wolf's attack.
You hit the bush but do no damage. The wolf misses you.
You hit the wolf but do no damage. The wolf misses you.
Casting: Ensorcelled Hibernation (safe; 2% risk of failure)
Confirm with . or Enter, or press ? or * to list all spells.
Aiming: Ensorcelled Hibernation (safe; 2% risk of failure)
Press: ? - help, Shift-Dir - straight line, f - wolf
Aim: a wolf (chance to affect: 52%)
You miscast Ensorcelled Hibernation.
You are very lightly contaminated with residual magic.
Nothing appears to happen.
You block the wolf's attack.
Casting: Ensorcelled Hibernation (safe; 2% risk of failure)
Confirm with . or Enter, or press ? or * to list all spells.
Your hands begin to glow red.
The five-headed hydra closely misses you.
The five-headed hydra bites you!
You block the five-headed hydra's attack.
The five-headed hydra barely misses you.
You block the five-headed hydra's attack.
You hit the five-headed hydra but do no damage.
You hit the five-headed hydra but do no damage.
The wolf completely misses you. The five-headed hydra misses you.
You block the five-headed hydra's attack. x2
The five-headed hydra bites you!
The five-headed hydra completely misses you.
You hit the five-headed hydra but do no damage.
The wolf closely misses you.
You hit the five-headed hydra but do no damage.
The wolf bites you.
The five-headed hydra completely misses you.
The five-headed hydra bites you but does no damage.
The five-headed hydra barely misses you.
The five-headed hydra bites you. The five-headed hydra bites you!
* * * LOW HITPOINT WARNING * * *
You hit the five-headed hydra but do no damage.
The wolf misses you. The five-headed hydra bites you.
* * * LOW HITPOINT WARNING * * *
The five-headed hydra bites you!
You die...

....##.........P..........♣...#P.
#...........♣............P.♣.....
#.#.##...#.♣................#..#.
#.#.##.#..♣................♣♣..#.
#... ........#####..P...♣.##. ..#
........#..$#...P....##. #...
....P...).).#..P.....##. #.
......hD#..(#.....P..##. # #.
.......@#####...P..♣.##. #.. #
#......P........P..♣.... #.#.#
#...P.P....P.........##. ....#
#.............P..P.#.#.. ... .
#..♣[..P.....P.....#.##. #...#
#..P♣..PPP......♣..P.##. #...#
#...............##...##. #...#
.##........♣.#..#.#..#. ....#
#...#....#.P.........


You could see a five-headed hydra and a wolf.

Vanquished Creatures
  A hydra (D:8)
  A two-headed ogre (D:8)
  2 cane toads (Lair:1)
  3 komodo dragons
  A troll (D:8)
  A slime creature (D:8)
  Sigmund (D:6)
  A spriggan (Lair:1)
  Eustachio (D:6)
  3 yaks
  The ghost of Baz the Magician, an amateur DjFE (D:3)
  2 steam dragons (D:8)
  An ice beast (D:7)
  A black bear (Lair:1)
  4 sky beasts
  A centaur (D:6)
  A phantom (D:4)
  4 bullfrogs
  3 scorpions
  4 wights (D:7)
  6 killer bees (D:5)
  2 vampire bats (Lair:1)
  3 howler monkeys (D:8)
  A jelly (D:5)
  3 hounds
  2 gnoll shamans
  3 orc priests
  7 iguanas
  10 orc wizards
  12 adders
  7 gnolls
  An ufetubus (D:6)
  5 worms
  11 dart slugs
  18 orcs
  7 endoplasms
  2 goblins
  10 hobgoblins
  10 kobolds
  5 quokkas
  2 training dummies (D:4)
  2 ball pythons
  10 bats
  2 frilled lizards
  6 rats
184 creatures vanquished.

Vanquished Creatures (others)
  3 orcs (D:8)
  10 fungi
  10 plants (D:8)
23 creatures vanquished.

Grand Total: 207 creatures vanquished

Notes
Turn   | Place    | Note
-------+----------+-------------------------------------------
     0 | D:1      | Essalna the Spriggan Enchanter began the quest for the Orb.
     0 | D:1      | Reached XP level 1. HP: 9/9 MP: 5/5
   277 | D:1      | Reached XP level 2. HP: 14/14 MP: 6/6
  1256 | D:2      | Found a faded altar of an unknown god.
  1292 | D:2      | Reached XP level 3. HP: 17/17 MP: 8/8
  1325 | D:2      | Reached skill level 5 in Stealth
  1363 | D:2      | Reached skill level 1 in Fighting
  1450 | D:2      | Identified the -4 helmet of Beodghof {Rampage rF+ Int+3}
  1734 | D:2      | Learned a level 3 spell: Confusing Touch
  1853 | D:2      | Found Qicheush's Book Shoppe.
  2267 | D:3      | Found a runed translucent gate.
  2267 | D:3      | Found a runed translucent gate.
  2267 | D:3      | Found a runed translucent gate.
  2267 | D:3      | Noticed Baz's ghost (amateur DjFE)
  2270 | D:3      | Noticed a sky beast
  2330 | D:3      | Found Serghem's Book Emporium.
  2346 | D:3      | Reached XP level 4. HP: 20/22 MP: 6/9
  2802 | D:3      | Identified the +9 flail "Cubbaor" {vorpal, rElec Will++
                  | Str+3}
  2934 | D:3      | Found a blossoming altar of Fedhas.
  3169 | D:3      | Reached XP level 5. HP: 25/25 MP: 10/10
  3474 | D:4      | Reached skill level 6 in Stealth
  3711 | D:4      | Learned a level 3 spell: Tukima's Dance
  3744 | D:4      | Identified the +5 short sword "Acacaef" {antimagic, Int+6}
  3889 | D:4      | Reached XP level 6. HP: 19/30 MP: 11/11
  4282 | D:4      | Reached skill level 5 in Dodging
  4282 | D:4      | Reached skill level 5 in Hexes
  4710 | D:4      | Learned a level 2 spell: Ensorcelled Hibernation
  4726 | D:4      | Found a burning altar of Makhleb.
  4726 | D:4      | Found an ancient bone altar of Kikubaaqudgha.
  4950 | D:5      | Entered Level 5 of the Dungeon
  4960 | D:5      | Found an ornate altar of the Wu Jian Council.
  5005 | D:5      | Reached skill level 7 in Stealth
  5264 | D:6      | Reached XP level 7. HP: 15/35 MP: 8/12
  5486 | D:6      | Noticed Sigmund
  5500 | D:6      | Killed Sigmund
  6009 | D:5      | Reached skill level 8 in Stealth
  6023 | D:5      | Reached XP level 8. HP: 14/40 MP: 0/13
  6539 | D:5      | Found a basalt altar of Yredelemnul.
  7455 | D:6      | Reached skill level 9 in Stealth
  7564 | D:6      | Noticed Eustachio
  7570 | D:6      | Killed Eustachio
  8061 | D:7      | Noticed a komodo dragon
  8068 | D:7      | Killed a komodo dragon
  8069 | D:7      | Reached skill level 5 in Short Blades
  8069 | D:7      | Reached XP level 9. HP: 46/46 MP: 14/14
  8095 | D:7      | Identified the +1 robe of Oblivion {Harm rPois}
  8326 | D:7      | Found a staircase to the Ecumenical Temple.
  8339 | Temple   | Entered the Ecumenical Temple
  8410 | Temple   | Became a worshipper of Sif Muna the Loreminder
  8482 | D:7      | Reached skill level 10 in Stealth
  9383 | D:7      | Found a broken altar of Ashenzari.
  9607 | D:3      | Killed Baz's ghost
  9806 | D:8      | Found a shadowy altar of Dithmenos.
  9889 | D:8      | Reached skill level 5 in Fighting
 10072 | D:8      | Noticed a troll
 10078 | D:8      | Reached skill level 1 in Shields
 10116 | D:8      | Killed a troll
 10116 | D:8      | Reached * piety under Sif Muna
 10273 | D:8      | Noticed a two-headed ogre
 10274 | D:8      | Noticed a seven-headed hydra
 10315 | D:8      | Killed a two-headed ogre
 10316 | D:8      | Reached skill level 11 in Stealth
 10316 | D:8      | Reached XP level 10. HP: 51/51 MP: 8/15
 10421 | D:8      | Killed a seven-headed hydra
 10679 | D:8      | Found a staircase to the Lair.
 11166 | Lair:1   | Entered Level 1 of the Lair of Beasts
 11249 | Lair:1   | Noticed a cane toad
 11256 | Lair:1   | Killed a cane toad
 11622 | Lair:1   | Reached skill level 12 in Stealth
 11710 | Lair:1   | Noticed a cane toad
 11718 | Lair:1   | Killed a cane toad
 11826 | Lair:1   | Noticed a five-headed hydra
 11842 | Lair:1   | Slain by a five-headed hydra

Illustrated notes

Levels and vault maps discovered:
D:1:      shiori_arrival_whats_in_store_for_you, layout_basic
D:2:      layout_basic, serial_shops, shop, basic_ecumenical_altar,
          chequers_serial_rivers_small_3, minmay_misc_feat_enclosed
D:3:      minmay_evil_eye, layout_rooms, fedhas_altar_fruit_tree,
          gammafunk_ghost_split, serial_shops, nicolae_shop_waterfront
D:4:      dreamdust_elfheim, layout_basic, mainiacjoe_overflow_divided_tiny,
          st_stairs_12, ebering_dispersal_statue_hall, amcnicky_mini_pool_small,
          amcnicky_mini_rare_corridor_liquid, chequers_serial_rivers_small_b,
          corexii_shack, kennysheep_nondescript
D:5:      kennysheep_slugbush, layout_basic, lemuel_tele_altar,
          mainiacjoe_overflow_chevrons, kennysheep_generic_room_3
D:6:      layout_gridville, eino_small_chamber_without_monster, dk_vineyard_1,
          uniq_eustachio, uniq_sigmund
D:7:      layout_gridville, mainiacjoe_overflow_alcove_4,
          minmay_temple_entry_ruins, minmay_a_box_with_orc_wizards_in_it
D:8:      minmay_distorted_concentric_squares, layout_gridville,
          mainiacjoe_overflow_paths, david_lair_shrubbed
D:9:      layout_irregular_city, nemelex_spade_bored_becter,
          kennysheep_little_box, zombieorc2_lemuel, uniq_joseph
Temple:   cyrus_circular_temple
Lair:1:   layout_long_grid, roderic_batcave, grunt_forest_large_clearing_hut

Skill      XL: |  1  2  3  4  5  6  7  8  9 10 |
---------------+-------------------------------+-----
Dodging        | 3 4 5 6 7 9 |  9.9
Stealth        | 5 6 7 8 9 11 12 | 12.2
Fighting       | 1 2 3 4 5 6 |  6.0
Short Blades   | 2 3 5 6 7 |  7.4
Hexes          | 4 5 6 7 8 9 |  9.4
Shields        | 1 3 |  3.0
Spellcasting   | |  2.6

Action                   |  1- 3 |  4- 6 |  7- 9 | 10-12 || total
-------------------------+-------+-------+-------+-------++-------
Melee: Dagger            |   102 |    34 |   274 |   119 ||   529
       Punch             |     1 |       |     5 |       ||     6
       Flail             |       |    93 |       |       ||    93
 Cast: Confusing Touch   |     2 |     4 |     4 |     3 ||    13
       Tukima's Dance    |       |     1 |       |       ||     1
       Ensorcelled Hiber |       |       |    78 |    36 ||   114
Evoke: Wand              |       |       |     1 |       ||     1
  Use: Scroll            |       |     7 |       |       ||     7
 Stab: Sleeping          |    12 |    11 |    48 |    13 ||    84
       Confused          |     1 |     1 |     5 |     1 ||     8
       Distracted        |       |       |     1 |       ||     1
Armor: Robe              |     8 |    19 |    19 |    11 ||    57
Dodge: Dodged            |    86 |    91 |   152 |    89 ||   418
Block: Buckler           |       |       |    35 |    76 ||   111
       Other             |       |       |     4 |       ||     4
       Reflection        |       |       |     2 |       ||     2

Table legend: (Time is in decaauts)
 A = Elapsed time spent in this place.
 B = Non-inter-level travel time spent in this place.
 C = Inter-level travel time spent in this place.
 D = Time resting spent in this place.
 E = Time spent auto-exploring this place.
 F = Levels seen in this place.
 G = Mean time per level.
                   A        B        C        D        E       F      G
               +--------+--------+--------+--------+--------+-----+--------+
         Total |   9097 |   8631 |    466 |      0 |   6928 |  11 |  827.0 |
       Dungeon |   8574 |   8124 |    450 |      0 |   6566 |   9 |  952.7 |
        Temple |     48 |     33 |     15 |      0 |     25 |   1 |   48.0 |
          Lair |    474 |    473 |      1 |      0 |    336 |   1 |  474.0 |
               +--------+--------+--------+--------+--------+-----+--------+

Top non-repeatable levels by time:
     D:4: 1448 daAuts
     D:6: 1251 daAuts
     D:8: 1111 daAuts
     D:3: 1099 daAuts
     D:5: 1026 daAuts
     D:7: 1016 daAuts
     D:1: 945 daAuts
     D:2: 673 daAuts
  Lair:1: 474 daAuts
  Temple: 48 daAuts
     D:9: 1 daAuts
